Map: 라이트쉐이드 - 래더

Players

DRG

  • Race: Zerg Zerg
  • Spawn Location: 5:00

Zoun - Winner!

  • Race: Protoss Protoss
  • League: Master
  • Spawn Location: 11:00

Event: Cheeseadelphia Winter Championship 2021

VOD

Have the link to the VOD?

Description

Time

  • Played on: Jan. 23, 2021, 4:35 p.m.
  • Length: 9:05

All games in this series

Show
View Real Time Build Order
Export as new Build Order

DRG Zerg 

Build Orders: Hatch First 

Get SALT Encoding   

  12  0:00  Drone  
  13  0:12  Overlord  
  13  0:16  Drone  
  14  0:30  Drone x2  
  14  0:33  Drone  
  17  0:51  Hatchery  
  17  0:53  Drone  
  17  0:56  Drone  
  18  1:07  Extractor  
  18  1:11  Spawning Pool  
  16  1:15  Drone  
  16  1:17  Drone  
  18  1:27  Drone  
  19  1:38  Drone  
  20  1:48  Overlord  
  20  1:57  Queen  
  22  2:02  Queen  
  22  2:03  Zergling x4  
  26  2:11  Drone, Metabolic Boost  
  26  2:14  Drone  
  28  2:22  Drone  
  29  2:24  Drone  
  30  2:33  Hatchery  
  30  2:36  Drone  
  30  2:38  Drone  
  30  2:43  Queen  
  33  2:48  Overlord  
  33  2:52  Drone  
  33  2:55  Overlord  
  33  2:57  Drone  
  35  3:04  Drone  
  36  3:07  Drone x2  
  36  3:08  Drone  
  36  3:11  Drone x2  
  36  3:12  Drone  
  42  3:15  Drone  
  42  3:18  Drone  
  44  3:21  Queen  
  44  3:25  Drone  
  47  3:31  Drone  
  47  3:33  Drone  
  49  3:39  Drone  
  49  3:40  Overlord  
  50  3:43  Drone x2  
  50  3:44  Queen  
  50  3:48  Roach Warren  
  53  3:49  Zergling x4  
  53  3:52  Zergling x2  
  53  3:55  Zergling x4, Extractor  
  57  3:57  Zergling x2  
  57  3:59  Zergling x2  
  57  4:00  Zergling x2  
  60  4:06  Overlord  
  60  4:08  Zergling x4, Spore Crawler  
  61  4:12  Zergling x6  
  61  4:15  Zergling x2  
  65  4:17  Zergling x2  
  65  4:23  Overlord  
  66  4:26  Zergling x2  
  66  4:27  Zergling x4  
  66  4:30  Roach x2  
  73  4:31  Overlord  
  73  4:32  Overlord  
  73  4:42  Roach x4  
  81  4:51  Ravager  
  81  4:52  Zergling x10  
  87  4:58  Zergling x8  
  87  5:14  Drone x6  
  87  5:18  Overlord  
  87  5:20  Drone  
  89  5:22  Lair  
  89  5:23  Drone  
  89  5:24  Spore Crawler  
  89  5:25  Spore Crawler  
  89  5:26  Drone  
  90  5:28  Drone x4  
  91  5:38  Drone  
  91  5:42  Drone x6  
  96  5:43  Overlord  
  96  5:49  Drone  
  97  5:54  Drone x2  
  97  5:55  Extractor x2  
  96  5:57  Drone  
  96  5:58  Drone x5  
  96  6:01  Extractor, Drone x3  
  96  6:02  Extractor  
  103  6:04  Overlord  
  103  6:07  Drone  
  103  6:08  Drone  
  105  6:11  Overlord  
  105  6:15  Evolution Chamber  
  104  6:19  Overlord x2  
  104  6:22  Overlord, Ravager  
  104  6:24  Glial Reconstitution  
  105  6:27  Roach x4  
  105  6:28  Overlord  
  105  6:31  Overseer  
  113  6:33  Roach x2  
  113  6:34  Overseer  
  113  6:39  Roach x2  
  121  6:40  Overlord  
  121  6:43  Zerg Missile Weapons Level 1  
  121  6:48  Roach x4  
  129  7:01  Overlord  
  129  7:04  Drone  
  129  7:05  Drone  
  129  7:06  Infestation Pit  
  129  7:07  Hydralisk Den  
  129  7:16  Hatchery  
  128  7:28  Drone  
  99  7:33  Drone x12  
  111  7:42  Overlord  
  111  7:45  Grooved Spines  
  111  7:46  Roach x5  
  111  7:47  Lurker Den  
  127  7:51  Ravager x6  
  127  7:53  Roach  
  127  7:56  Roach  
  131  8:00  Spine Crawler x2, Queen  
  131  8:02  Zergling x6  
  134  8:07  Roach x3  
  134  8:11  Roach  
  134  8:12  Roach x2  
  142  8:23  Roach x3  
  133  8:31  Ravager x5  
  122  8:34  Roach  
Show
View Real Time Build Order
Export as new Build Order

Zoun Protoss - Winner!

Build Orders: 1 Gate Expand, Mass Adepts 

Get SALT Encoding   

  12  0:00  Probe  
  13  0:12  Probe  
  14  0:20  Pylon  
  14  0:24  Probe  
  15  0:38  Probe (Chrono Boost)  
  15  0:42  Gateway  
  16  0:47  Probe (Chrono Boost)  
  17  0:51  Assimilator  
  17  0:52  Probe (Chrono Boost)  
  18  1:04  Probe  
  19  1:16  Probe  
  20  1:26  Nexus  
  20  1:35  Cybernetics Core  
  20  1:37  Probe  
  21  1:44  Assimilator  
  21  1:50  Probe  
  22  1:54  Pylon  
  22  2:02  Probe  
  23  2:10  Adept (Chrono Boost)  
  23  2:13  Warp Gate  
  23  2:14  Probe  
  26  2:26  Probe  
  26  2:27  Twilight Council  
  27  2:33  Stalker  
  29  2:38  Probe x2 (Chrono Boost)  
  31  2:48  Probe x2 (Chrono Boost)  
  33  2:53  Probe x2 (Chrono Boost)  
  35  2:59  Robotics Facility  
  35  3:03  Resonating Glaives (Chrono Boost)  
  35  3:04  Probe  
  36  3:08  Probe  
  37  3:15  Gateway  
  37  3:17  Probe  
  38  3:20  Probe  
  38  3:23  Adept  
  41  3:31  Gateway  
  41  3:33  Gateway  
  42  3:41  Probe x2  
  42  3:43  Warp Prism (Chrono Boost)  
  45  3:52  Pylon  
  45  3:57  Probe  
  46  4:06  Shield Battery  
  46  4:10  Probe  
  46  4:12  Adept x2, Pylon, Observer  
  52  4:23  Assimilator  
  52  4:29  Probe x2  
  54  4:32  Adept x4  
  54  4:36  Pylon  
  60  4:54  Assimilator  
  60  4:55  Adept x4, Pylon  
  60  4:59  Probe x2  
  70  5:01  Robotics Bay  
  68  5:20  Adept x3  
  68  5:21  Adept  
  70  5:25  Immortal (Chrono Boost)  
  68  5:39  Probe x2  
  66  5:48  Gateway  
  66  5:49  Gateway, Gravitic Drive  
  64  5:52  Adept  
  66  5:58  Disruptor (Chrono Boost)  
  69  6:10  Adept x3  
  75  6:12  Pylon  
  75  6:17  Pylon  
  75  6:20  Adept  
  77  6:27  Disruptor (Chrono Boost)  
  80  6:33  Observer  
  80  6:42  Sentry x2  
  80  6:43  Nexus  
  80  6:44  Pylon  
  84  6:48  Sentry  
  86  6:56  Colossus (Chrono Boost)  
  86  6:58  Probe x2  
  93  7:08  Shield Battery, Zealot  
  93  7:12  Gateway  
  93  7:14  Stalker x3  
  101  7:16  Pylon  
  101  7:38  Pylon  
  101  7:39  Adept  
  101  7:40  Stalker, Adept, Pylon  
  101  7:41  Stalker  
  101  7:44  Pylon  
  109  7:45  Observer  
  110  7:53  Pylon  
  110  7:57  Stalker x2  
  114  8:00  Adept x2  
  114  8:04  Stalker x2  
  117  8:23  Stalker x5  
  122  8:31  Adept  
  120  8:34  Adept  
  114  8:47  Adept x3  
  114  8:48  Adept x2  
Tags
 
Add a new tag
Caveats
  • Supply blocks, unpowered buildings, or Contaminate may cause inaccurate times.
  • Supply counts are checked every 10 seconds.